 Dungeon Crawl Stone Soup version 0.31.0-32-g396128a36d (webtiles) character file.

Game seed: 7359297671441102291

475 Peloso the Slasher (level 6, -12/56 HPs)
             Began as a Minotaur Fighter on Mar 21, 2024.
             Killed from afar by an acid dragon (19 damage)
             ... with a splash of acid
             ... on level 5 of the Dungeon.
             The game lasted 00:05:14 (4269 turns).

Peloso the Slasher (Minotaur Fighter)               Turns: 4269, Time: 00:05:14

Health: -12/56     AC:  3    Str: 21    XL:     6   Next: 84%
Magic:  5/5        EV: 10    Int:  5    God:
Gold:   207        SH:  5    Dex: 11    Spells: 5/5 levels left

rFire   . . .        a - +0 long sword
rCold   . . .        c - +0 buckler
rNeg    . . .        b - +0 scale mail
rPois   .            (helmet restricted)
rElec   .            (no cloak)
rCorr   .            (no gloves)
SInv    .            (no boots)
Will    .....        (no amulet) Stlth
                     (no ring)
HPRegen 0.29/turn    (no ring)
MPRegen 0.09/turn

%: no passive effects
@: corroded
A: horns 2, retaliatory headbutt
a: no special abilities


You were on level 5 of the Dungeon.
You visited 1 branch of the dungeon, and saw 5 of its levels.

You collected 207 gold pieces.

Inventory:

Hand Weapons
 a - a +0 long sword (weapon)
Armour
 b - a +0 scale mail (worn)
 c - a +0 buckler (worn)
Jewellery
 g - a ring of positive energy
 i - a ring of flight
 r - a ring of wizardry
Wands
 s - a wand of polymorph (12)
Scrolls
 e - 2 scrolls of amnesia {unknown}
 j - 6 scrolls of identify
 k - a scroll of enchant armour
 l - 2 scrolls of teleportation {unknown}
 m - a scroll of fog {unknown}
 n - a scroll of blinking {unknown}
 p - a scroll of enchant weapon {unknown}
Potions
 d - a potion of might
 f - a potion of resistance
 h - a potion of heal wounds
 o - 2 potions of curing


   Skills:
 + Level 5.1 Fighting
 + Level 5.7 Long Blades
 + Level 5.4 Armour
 + Level 1.7 Dodging
 + Level 0.5 Stealth
 + Level 4.8 Shields


You had 5 spell levels left.
You didn't know any spells.
Your spell library contained the following spells:

 Spells                   Type           Power      Damage    Failure   Level
 Freeze                   Ice            0%         1d3       86%         1
 Frozen Ramparts          Ice            0%         1d1       99%         3
 Hailstorm                Conj/Ice       0%         3d5       99%         3
 Summon Ice Beast         Ice/Summ       0%         N/A       99%         3
 Manifold Assault         Tloc           0%         N/A       100%        4
 Summon Mana Viper        Hex/Summ       0%         N/A       100%        5
 Dispersal                Tloc           0%         N/A       100%        6
 Monstrous Menagerie      Summ           0%         N/A       100%        7
 Disjunction              Tloc           0%         N/A       100%        8


Dungeon Overview and Level Annotations

Branches:
Dungeon (5/15)
 Temple: D:4-7

Altars:
Hepliaklqana
Yredelemnul


Innate Abilities, Weirdness & Mutations

You have a pair of horns on your head.
You reflexively headbutt those who attack you in melee.


Message History

You climb downwards.
Found a potion of curing.
There is a stone staircase leading up here.
An ogre is nearby!
Aiming: Polymorph
Press: ? - help, Shift-Dir - straight line, f - ogre
Aim: an ogre, wielding a +0 giant club (will become a tengu, a basilisk, or an acid dragon, chance to affect: 49%)
The ogre evaporates and reforms as an acid dragon!
You closely miss the acid dragon. The acid dragon barely misses you.
You furiously retaliate!
You headbutt the acid dragon, but do no damage.
The acid dragon closely misses you.
You closely miss the acid dragon.
The acid dragon bites you but does no damage.
The acid dragon claws you but does no damage.
You hit the acid dragon but do no damage.
Your headbutt misses the acid dragon. The acid dragon spits acid at you.
The splash of acid hits you!!
Ouch! That really hurt!
The acid corrodes you!
You hear a shout!
You hit the acid dragon but do no damage.
You headbutt the acid dragon!
The acid dragon is heavily wounded.
An adder comes into view.
The acid dragon completely misses you. The acid dragon claws you.
Unknown command.
You hit the acid dragon.
The acid dragon is heavily wounded.
The acid dragon bites you!
* * * LOW HITPOINT WARNING * * *
You block the acid dragon's attack.
An orc comes into view. It is wielding a +0 flail.
The acid dragon barely misses you. You block the acid dragon's attack.
You hit the acid dragon.
The acid dragon is heavily wounded.
The acid dragon spits acid at you. The splash of acid hits you!!
You die...

#... ...# ...#
#..## #...#
#...###
#..###.....##.
#.o..@DS.....
#...#....#..#
#.. ##....#
... #......
#.. ....#. ##
.!.## .## ##


You could see an acid dragon (catching breath), an adder and an orc.

Vanquished Creatures
  A phantom (D:4)
  2 scorpions (D:4)
  A hound (D:4)
  An orc priest (D:3)
  An iguana (D:4)
  2 orc wizards (D:3)
  Robin (D:3)
  A gnoll (D:1)
  3 adders
  A dart slug (D:3)
  3 ribbon worms
  11 orcs
  11 bats
  5 endoplasms
  4 giant cockroaches
  15 goblins
  6 hobgoblins
  2 jackals (D:2)
  3 quokkas (D:3)
  10 ball pythons
  4 frilled lizards
  9 kobolds
  6 rats
103 creatures vanquished.

Notes
Turn   | Place    | Note
-------+----------+-------------------------------------------
     0 | D:1      | Peloso the Minotaur Fighter began the quest for the Orb.
     0 | D:1      | Reached XP level 1. HP: 19/19 MP: 0/0
   192 | D:1      | Reached XP level 2. HP: 14/27 MP: 1/1
   656 | D:1      | Reached XP level 3. HP: 33/33 MP: 2/2
  1964 | D:3      | Reached XP level 4. HP: 29/40 MP: 3/3
  2237 | D:3      | Found a basalt altar of Yredelemnul.
  2252 | D:3      | Reached skill level 1 in Dodging
  2268 | D:3      | Reached XP level 5. HP: 31/47 MP: 4/4
  2349 | D:3      | Noticed Robin
  2373 | D:3      | Killed Robin
  2459 | D:3      | Reached skill level 5 in Armour
  2624 | D:3      | Found a hazy altar of Hepliaklqana.
  3439 | D:4      | Reached skill level 5 in Long Blades
  3439 | D:4      | Reached XP level 6. HP: 55/55 MP: 5/5
  3503 | D:4      | Reached skill level 5 in Fighting
  4262 | D:5      | Entered Level 5 of the Dungeon
  4263 | D:5      | an ogre changed into an acid dragon
  4263 | D:5      | Noticed an acid dragon
  4269 | D:5      | Killed from afar by an acid dragon

Illustrated notes

Levels and vault maps discovered:
D:1:      heliophobic_arrival_ceremonial_halls, layout_basic, minmay_liquid_box
D:2:      wad_pebble_path, layout_rooms, minivault_19, corexii_hall_statues_l,
          dreamdust_mushroom_princess
D:3:      layout_loops_ring, mainiacjoe_overflow_cross_hatched,
          worldfamousw_hep_ancestral_shrine, uniq_robin
D:4:      layout_layer_cave
D:5:      layout_layer_cave, lemuel_crystal_altar, mainiacjoe_overflow_alcove_1,
          mainiacjoe_overflow_surrounded_room, gammafunk_ghost_hive

Skill      XL: |  1  2  3  4  5  6 |
---------------+-------------------+-----
Armour         | 4 5 |  5.4
Shields        | 4 |  4.8
Fighting       | 4 5 |  5.1
Long Blades    | 3 5 |  5.7
Dodging        | 1 |  1.7
Stealth        | |  0.5

Action                     |  1- 3 |  4- 6 || total
---------------------------+-------+-------++-------
  Melee: Long sword        |   111 |   151 ||   262
         Headbutt          |    16 |    28 ||    44
  Evoke: Wand              |       |     1 ||     1
    Use: Scroll            |     3 |     2 ||     5
         Potion            |     2 |       ||     2
 Armour: Scale mail        |    93 |    99 ||   192
  Dodge: Dodged            |    62 |    58 ||   120
  Block: Buckler           |    29 |    36 ||    65
